 Dungeon Sprint DCSS version 0.16-a0-3465-g53c7d0b (webtiles) character file.

20 BluebellGnoll the Magician (level 2, -3/15 HPs)
             Began as a Deep Elf Fire Elementalist on Jan 2, 2015.
             Was an Initiate of Vehumet.
             Slain by a hill giant
             ... wielding a +0 giant club
              (18 damage)
             ... in the Dungeon (Sprint IX: "|||||||||||||||||||||||||||||").
             The game lasted 00:01:53 (251 turns).

BluebellGnoll the Magician (DEFE)                    Turns: 251, Time: 00:01:53

Health: -3/15      AC:  3    Str:  5    XL:     2   Next: 58%
Magic:  14/14      EV: 13    Int: 25    God:    Vehumet [......]
Gold:   0          SH:  0    Dex: 15    Spells: 2 memorised, 13 levels left

rFire  . . .     SeeInvis .     q - +2 rapier (drain)
rCold  . . .     Clarity  .     a - +0 robe
rNeg   . . .     SustAb   .     (no shield)
rPois  .         Gourm    .     (no helmet)
rElec  .         Spirit   .     (no cloak)
rCorr  .         Warding  .     r - +0 pair of gloves
rMut   .         NoTele   +     (no boots)
MR     .....                    (no amulet)
Stlth  ++........               s - +3 ring of intelligence
                                j - +3 ring of intelligence

@: not resistant to hostile enchantments, unstealthy
A: no striking features
a: Renounce Religion


You were in the Dungeon.
You worshipped Vehumet.
Vehumet was noncommittal.
You were not hungry.

You visited 1 branch

Inventory:

Hand weapons
 p - the +2 halberd of Skirubb {chop, +Blink Str+2}
   (You found it in the Dungeon)

   It inflicts extra damage upon your enemies.
   It affects your strength (+2).
   It lets you blink.
 q - a +2 rapier of draining (weapon)
Armour
 a - a +0 robe (worn)
 r - a +0 pair of gloves (worn)
Magical staves
 o - an uncursed staff of energy
Jewellery
 j - a +3 ring of intelligence (left hand)
 s - a +3 ring of intelligence (right hand)
Magical devices
 n - a wand of fire (6)
Scrolls
 i - 2 scrolls of blinking
 l - 3 scrolls of remove curse
 m - 2 scrolls of amnesia
Potions
 d - 5 potions of curing
 e - 3 potions of heal wounds
 f - a potion of invisibility
 g - 4 potions of magic
 h - a potion of berserk rage
Books
 b - a book of Flames

   Spells                             Type                      Level
   a - Flame Tongue                   Conjuration/Fire             1
   b - Throw Flame                    Conjuration/Fire             2
   c - Conjure Flame                  Conjuration/Fire             3
   d - Inner Flame                    Hexes/Fire                   3
   e - Sticky Flame                   Conjuration/Fire             4
   f - Fireball                       Conjuration/Fire             5
Comestibles
 c - a bread ration
 k - 7 chunks of flesh


   Skills:
 - Level 2.4 Dodging
 - Level 2.4 Stealth
 + Level 7.6 Spellcasting
 - Level 1.1 Conjurations
 - Level 3.2 Fire Magic


You had 13 spell levels left.
You knew the following spells:

 Your Spells              Type           Power        Failure   Level  Hunger
a - Flame Tongue          Conj/Fire      ###..        2%          1    None
b - Throw Flame           Conj/Fire      ###...       4%          2    None


Dungeon Overview and Level Annotations

Branches:
Dungeon (1/1)

Altars:
Cheibriados
Dithmenos
Elyvilon
Fedhas
Gozag
Kikubaaqudgha
Makhleb
Nemelex Xobeh
Okawaru
Qazlal
Ru
Sif Muna
Trog
Vehumet
Xom
Yredelemnul
Zin
The Shining One
Beogh
Jiyva
Lugonu


Message History

Magic restored.
You open the door.
A rat, a hound, a kobold, an orc warrior, a hill giant and a wight come into view.
The hill giant shouts!
The orc warrior shouts!
Evoke which item? (* to show all) (? for menu, Esc to quit)
Zapping:
n - a wand of fire (7)
Press: ? - help, Shift-Dir - straight line, f - hill giant
Aim: a hill giant, wielding a giant club The bolt of fire hits the hill giant.
The hill giant is moderately wounded.
The bolt of fire misses the orc warrior.
The bolt of fire hits the hound.
The hound is severely wounded.
The bolt of fire hits the rat.
You kill the rat!
Vehumet accepts your kill.
This wand has 6 charges left.
The hill giant hits you with a giant club!!
Ouch! That really hurt!
You die... ▓▓▓▓▓▓▓▓▓▓▓▓▓▓▓▓▓▓▓▓▓▓▓▓▓ _______'...))[[.@Coh.z.K+ ▓▓▓▓▓▓▓▓▓▓▓▓▓▓▓▓▓▓▓▓▓▓▓▓▓

You could see a hill giant, an orc warrior, a hound, a wight and a kobold.

Vanquished Creatures
  An adder (D)
  A bat skeleton (D)
  2 hobgoblins (D)
  A kobold (D)
  A ball python zombie (D)
  2 bats (D)
  A goblin (D)
  A quokka skeleton (D)
  A rat (D)
11 creatures vanquished.

Vanquished Creatures (others)
  A spatial maelstrom (D)
1 creature vanquished.

Grand Total: 12 creatures vanquished

Notes
Turn   | Place    | Note
--------------------------------------------------------------
     0 | D        | BluebellGnoll, the Deep Elf Fire Elementalist, began the quest for the Orb.
     0 | D        | Reached XP level 1. HP: 10/10 MP: 5/5
     5 | D        | Reached skill level 4 in Spellcasting
     8 | D        | Banished a spatial maelstrom
    21 | D        | Reached skill level 5 in Spellcasting
   145 | D        | Reached skill level 7 in Spellcasting
   145 | D        | Reached XP level 2. HP: 12/15 MP: 2/14
   155 | D        | Found a glowing silver altar of Zin.
   155 | D        | Found a glowing golden altar of the Shining One.
   155 | D        | Found an ancient bone altar of Kikubaaqudgha.
   155 | D        | Found a basalt altar of Yredelemnul.
   155 | D        | Found a shimmering altar of Xom.
   155 | D        | Found a radiant altar of Vehumet.
   155 | D        | Found an iron altar of Okawaru.
   156 | D        | Found a burning altar of Makhleb.
   157 | D        | Found a deep blue altar of Sif Muna.
   158 | D        | Found a bloodstained altar of Trog.
   159 | D        | Found a sparkling altar of Nemelex Xobeh.
   160 | D        | Found a white marble altar of Elyvilon.
   161 | D        | Found a roughly hewn altar of Beogh.
   162 | D        | Found a viscous altar of Jiyva.
   163 | D        | Became a worshipper of Vehumet
   164 | D        | Found a corrupted altar of Lugonu.
   165 | D        | Found a blossoming altar of Fedhas.
   166 | D        | Found a snail-covered altar of Cheibriados.
   167 | D        | Found a shadowy altar of Dithmenos.
   168 | D        | Found a stormy altar of Qazlal.
   169 | D        | Found an opulent altar of Gozag.
   170 | D        | Found a sacrificial altar of Ru.
   189 | D        | Got the +2 halberd of Skirubb {chop, +Blink Str+2}
   212 | D        | Learned a level 2 spell: Throw Flame
   250 | D        | Noticed a hill giant
   250 | D        | Noticed an orc warrior
   250 | D        | Noticed a hound
   250 | D        | Noticed a wight
   251 | D        | Slain by a hill giant

Action                   || total
-------------------------++-------
Melee: Unarmed           ||    12
 Cast: Flame Tongue      ||    13
Evoke: Wand              ||     1
  Use: Potion            ||     1
